 Dungeon Crawl Stone Soup version 0.32-a0-696-g5fa0bccb63 (webtiles) character file.

Game seed: 879362412342981987

21 roadie00 the Trooper (level 2, -1/26 HPs)
             Began as a Mountain Dwarf Fighter on Mar 13, 2024.
             Was a Believer of Jiyva.
             Slain by a ball python (3 damage)
             ... on level 3 of the Dungeon.
             The game lasted 00:16:27 (1304 turns).

roadie00 the Trooper (Mountain Dwarf Fighter)       Turns: 1304, Time: 00:16:27

Health: -1/26      AC:  9    Str: 18    XL:     2   Next: 62%
Magic:  11/11      EV: -3    Int:  8    God:    Jiyva [**....]
Gold:   87         SH:  4    Dex:  9    Spells: 1/1 levels left

rFire   . . .        a - +0 war axe
rCold   . . .        c - +0 buckler
rNeg    . . .        g - +0 chain mail
rPois   .            (no helmet)
rElec   .            m - scarf {+Inv}
rCorr   +            (no gloves)
SInv    .            (no boots)
Will    .....        (no amulet) Stlth
                     i - ring of magical power
HPRegen 1.20/turn    (no ring)
MPRegen 0.60/turn

%: no passive effects
@: lethally poisoned (-1 -> -3), constricted
A: runic magic, artefact enchanting
a: Renounce Religion, Evoke Invisibility


You were on level 3 of the Dungeon.
You worshipped Jiyva.
Jiyva was pleased with you.
You visited 1 branch of the dungeon, and saw 3 of its levels.

You collected 87 gold pieces.

Inventory:

Hand Weapons
 a - a +0 war axe (weapon)
Missiles
 f - 4 stones (quivered)
Armour
 c - a +0 buckler (worn)
 g - a +0 chain mail (worn)
 m - a scarf of invisibility (worn)
Magical Staves
 q - a staff of cold
Jewellery
 i - a ring of magical power (left hand)
Scrolls
 e - a scroll of identify {unknown}
 j - a scroll of poison {unknown}
 k - 2 scrolls of teleportation {unknown}
 l - a scroll of enchant armour {unknown}
 o - a scroll of immolation {unknown}
Potions
 d - a potion of might


   Skills:
 + Level 3.5 Fighting
 + Level 3.1 Axes
 + Level 3.5 Armour
 + Level 0.1 Dodging
 + Level 3.4 Shields


You had one spell level left.
You didn't know any spells.
Your spell library was empty.

Dungeon Overview and Level Annotations

Branches:
Dungeon (3/15)

Altars:
Zin
Jiyva


Innate Abilities, Weirdness & Mutations

Your spellcasting is much less encumbered by armour.
You can use scrolls of enchantment on lesser artefacts.


Message History

A ball python comes into view.
The kobold hits you but does no damage.
You slash the kobold!
You kill the kobold!
You hear a distant slurping noise.
You barely miss the water moccasin.
You block the water moccasin's attack. x2
The water moccasin bites you.
You miss the water moccasin. You barely miss the ball python.
The water moccasin bites you but does no damage.
The ball python barely misses you. You block the ball python's attack.
The water moccasin bites you.
The ball python attacks as it pursues you!
The ball python bites you but does no damage.
The ball python bites you but does no damage.
The ball python grabs you. The ball python constricts you.
The water moccasin attacks as it pursues you!
The water moccasin bites you but does no damage.
The ball python bites you but does no damage.
The ball python constricts you.
You escape the ball python's grasp.
The water moccasin bites you but does no damage.
The water moccasin attacks as it pursues you!
You block the water moccasin's attack.
You hit the water moccasin.
The water moccasin is lightly wounded.
The water moccasin bites you.
You are poisoned.
The water moccasin poisons you!
The water moccasin bites you but does no damage.
You block the ball python's attack.
You feel very sick.
The ball python attacks as it pursues you!
The ball python barely misses you. The ball python grabs you.
The ball python constricts you. The water moccasin bites you!
The ball python's grasp on you weakens, but your attempt to escape fails.
You feel sick. The water moccasin bites you!
* * * LOW HITPOINT WARNING * * *
The ball python bites you.
You die...
Jiyva sends a jelly to digest your remains.

# #####.# .......
....... ##.......
#########.......#
#<......S@......#
#...>)..S.......#
#.......)...........#
#............######..
#............# #
#............#
#............#
#..............
######.$..###..


You could see a water moccasin and a ball python.

Vanquished Creatures
  A dart slug (D:1)
  2 goblins
  7 hobgoblins
  2 bats (D:1)
  A frilled lizard (D:1)
  3 kobolds
  A rat (D:1)
17 creatures vanquished.

Vanquished Creatures (others)
  A giant cockroach (D:1)
  A goblin (D:1)
  A quokka (D:1)
  A rat (D:1)
4 creatures vanquished.

Grand Total: 21 creatures vanquished

Notes
Turn   | Place    | Note
-------+----------+-------------------------------------------
     0 | D:1      | roadie00 the Mountain Dwarf Fighter began the quest for the
                  | Orb.
     0 | D:1      | Reached XP level 1. HP: 19/19 MP: 1/1
   207 | D:1      | Found a faded altar of an unknown god.
   212 | D:1      | Prayed at the altar of an unknown god.
   212 | D:1      | Became a worshipper of Jiyva Juosm the Shapeless
   212 | D:1      | Reached * piety under Jiyva
   282 | D:1      | Reached XP level 2. HP: 26/26 MP: 2/2
   917 | D:2      | Reached ** piety under Jiyva
  1052 | D:2      | Found a glowing silver altar of Zin.
  1292 | D:3      | Noticed a water moccasin
  1304 | D:3      | Slain by a ball python

Illustrated notes

Levels and vault maps discovered:
D:1:      scummos_arrival_gate, layout_loops_cross,
          shapermc_ecumenical_altar_petra
D:2:      layout_loops_corners, serial_forest, infiniplex_forest_lined_3_way,
          infiniplex_forest_clump_medium, infiniplex_forest_clump_medium,
          infiniplex_forest_straight_2, basic_altar
D:3:      layout_basic, minitemple

Skill      XL: |  1  2 |
---------------+-------+-----
Axes           | 3 |  3.1
Fighting       | |  3.5
Armour         | |  3.5
Dodging        | |  0.1
Shields        | |  3.4

Action                     || total
---------------------------++-------
  Melee: War axe           ||    96
  Throw: Stone             ||     2
    Use: Scroll            ||     1
 Armour: Chain mail        ||    49
         Scale mail        ||     9
  Dodge: Dodged            ||    22
  Block: Buckler           ||    12

Table legend: (Time is in decaauts)
 A = Elapsed time spent in this place.
 B = Non-inter-level travel time spent in this place.
 C = Inter-level travel time spent in this place.
 D = Time resting spent in this place.
 E = Time spent auto-exploring this place.
 F = Levels seen in this place.
 G = Mean time per level.
                   A        B        C        D        E       F      G
               +--------+--------+--------+--------+--------+-----+--------+
         Total |   1341 |    390 |    951 |     17 |      0 |   3 |  447.0 |
       Dungeon |   1341 |    390 |    951 |     17 |      0 |   3 |  447.0 |
               +--------+--------+--------+--------+--------+-----+--------+

Top non-repeatable levels by time:
     D:2: 678 daAuts
     D:1: 648 daAuts
     D:3: 14 daAuts
